Cogmind - Beta 15 @@@ ROGUE MODE // 2025.07.28 @ 20:24:36 Player: Jiber Result: Destroyed by G-34 Mercenary with Small Laser Performance ------------- Evolutions (1) 500 Regions Visited (3) 600 Robots Destroyed (11) 55 Value Destroyed (211) 211 Prototype IDs (0) 0 Alien Tech Used (0) 0 Bonus (0) 0 TOTAL SCORE: 1366 Bonus ------- None Cogmind --------- Core Integrity 0/400 Matter 187/300 Energy 100/100 System Corruption 4% Temperature Cool (18) Movement Core (200) Ox3 Location -9/Materials Parts ------- > --- POWER (1) -------- (None) > --- PROPULSION (2) --- (None) > --- UTILITY (3) ------ Medium Storage Unit > --- WEAPON (3) ------- (None) > --- INVENTORY (10) --- Ion Engine Hover Unit High-capacity Battery (250) Peak State ------------ > --- POWER ------------ Light Nuclear Core > --- PROPULSION ------- Aluminum Leg Aluminum Leg > --- UTILITY ---------- Small Storage Unit > --- WEAPON ----------- Particle Gun Assault Rifle Improved Light Cannon > --- INVENTORY -------- Ion Engine Aluminum Leg Hover Unit High-capacity Battery Small Laser [Rating: 11] Favorites ----------- Power Light Nuclear Core Engine Ion Engine Power Core Light Nuclear Core Propulsion Aluminum Leg Leg Aluminum Leg Utility Small Storage Unit Storage Small Storage Unit Protection Core Shielding Weapon Assault Rifle Energy Gun Particle Gun Ballistic Gun Assault Rifle Ballistic Cannon Improved Light Cannon Build | -11 -10 -10 -9 ------- Run | Yrd Mat Min Mat Slots Evolved 2 | . . . 2 Power . | . . . . Propulsion . | . . . . Utility 1 | . . . 1 Weapon 1 | . . . 1 Parts Attached 13 | 6 . 4 3 Power 2 | 1 . 1 . Engine 1 | 1 . . . Core 1 | . . 1 . Reactor . | . . . . Propulsion 3 | 2 . 1 . Treads . | . . . . Leg 3 | 2 . 1 . Wheel . | . . . . Hover . | . . . . Flight . | . . . . Utility 3 | 1 . . 2 Device . | . . . . Storage 2 | 1 . . 1 Processor . | . . . . Hackware . | . . . . Protection 1 | . . . 1 Artifact . | . . . . Weapon 5 | 2 . 2 1 Energy Gun 3 | 1 . 2 . Energy Cannon . | . . . . Ballistic Gun 1 | 1 . . . Ballistic Cannon 1 | . . . 1 Launcher . | . . . . Special Weapon . | . . . . Impact Weapon . | . . . . Slashing Weapon . | . . . . Piercing Weapon . | . . . . Special Melee Weapon . | . . . . Unidentified Prototypes . | . . . . Parts Lost 9 | . . . 9 Power 1 | . . . 1 Propulsion 3 | . . . 3 Utility 1 | . . . 1 Weapon 4 | . . . 4 Highest Loss Streak 9 | . . . 9 To Critical Strikes . | . . . . Average Backups 3 | 1 2 4 4 Power . | . . . 1 Propulsion 2 | 1 2 2 1 Utility . | . . 1 1 Weapon . | . . . . Tool/Special . | . . . . Unused Backups 4 | . . 2 2 Power . | . . . . Propulsion 3 | . . 2 1 Utility 1 | . . . 1 Weapon . | . . . . Tool/Special . | . . . . Average Slot Usage (%) 80 | . 85 85 68 Engine 3 | . 14 1 . Core 9 | . . 12 8 Leg 25 | . 28 28 18 Storage 13 | . 14 14 11 Energy Gun 13 | . 14 14 11 Ballistic Gun 12 | . 14 14 8 Ballistic Cannon 2 | . . . 8 Peak Build Rating 11 | 6 6 9 11 Average Rating 7 | 4 6 8 9 On Entrance 5 | . 6 6 9 Naked Turns . | . . . . Heaviest Build 24 | 13 13 15 24 Greatest Support 20 | 20 20 20 20 Greatest Overweight (x) 3 | . . . 3 Average Overweight (x) . | . . . . Largest Inventory Capacity 10 | 8 8 8 10 Average Capacity 8 | 7 8 8 9 Most Carried 6 | 5 4 6 6 Average Carried 4 | 1 2 4 4 Final Capacity 10 | 8 8 8 10 Final Carried 5 | 2 4 5 3 Class Distribution -------------------- 82% | Mutant 17% | Gunner Dominant Class ---------------- Mutant | -10/Materials Mutant | -10/Mines Gunner | -9/Materials Resources | -11 -10 -10 -9 ----------- Run | Yrd Mat Min Mat Matter Collected 320 | 183 18 92 27 Remotely . | . . . . Salvage Created 278 | 70 18 92 98 Parts 23 | 10 1 4 8 Haulers Intercepted . | . . . . Recyclers Shooed 1 | 1 . . . Parts Field Recycled . | . . . . Retrieved Matter . | . . . . Parts Self-Destructed . | . . . . Prevented . | . . . . Kills | -11 -10 -10 -9 ------- Run | Yrd Mat Min Mat Combat Hostiles Destroyed 6 | . . 2 4 Guns 3 | . . 2 1 Cannons 3 | . . . 3 Classes Destroyed 6 | 1 1 1 3 Tunneler 3 | 3 . . . Operator 1 | . 1 . . Watcher 1 | . . . 1 Swarmer 3 | . . . 3 Grunt 2 | . . 2 . Duelist 1 | . . . 1 Best Kill Streak 3 | 3 1 2 3 Combat Bots Only 3 | . . 2 3 Max Kills in Single Turn 1 | 1 1 1 1 Gunslinging . | . . . . Exploded . | . . . . Melee . | . . . . Uniques/NPCs Destroyed . | . . . . Combat | -11 -10 -10 -9 -------- Run | Yrd Mat Min Mat Hostile Shots Fired 171 | . 8 17 146 Missed 35 | . 4 5 26 Hits 136 | . 4 12 120 Melee 1 | . . . 1 Projectile 135 | . 4 12 119 Damage Taken 1414 | . 28 149 1237 Core 453 | . . 45 408 Absorbed by Shields . | . . . . Redirected to Shielding 37 | . . . 37 Core Remaining (%) 91 | 100 . 82 . Volleys Fired 34 | 6 3 7 18 Largest 3 | 2 2 2 3 Hottest 118 | 60 60 60 118 Shots Fired 73 | 12 6 14 41 Gun 62 | 12 6 14 30 Cannon 11 | . . . 11 Launcher . | . . . . Special . | . . . . Kinetic 39 | 6 3 7 23 Thermal 34 | 6 3 7 18 Explosive . | . . . . Electromagnetic . | . . . . Robot Hit Streak 10 | 2 3 9 10 Robot Miss Streak 5 | 1 1 1 5 Penetration Max . | . . . . Secondary Targets . | . . . . Shots Hit Robots 39 | 7 4 12 16 Core Hits 18 | 4 2 5 7 Critical Kills . | . . . . Critical Parts Destroyed . | . . . . Critical Strikes . | . . . . Melee Attacks . | . . . . Impact . | . . . . Slashing . | . . . . Piercing . | . . . . Sneak Attacks . | . . . . Combat Hostiles . | . . . . Follow-up Attacks . | . . . . Damage Inflicted 502 | 91 46 141 224 Guns 416 | 91 46 137 142 Cannons 82 | . . . 82 Explosions . | . . . . Melee . | . . . . Ramming 4 | . . 4 . Kinetic 250 | 50 10 61 129 Thermal 248 | 41 36 76 95 Explosive . | . . . . Electromagnetic . | . . . . Impact . | . . . . Slashing . | . . . . Piercing . | . . . . Highest Corruption 4 | . . . 4 Average Corruption 3 | . . . 3 Corruption Purged . | . . . . Corruption Blocked . | . . . . Effects 1 | . . . 1 Weapon Failures 1 | . . . 1 Overload Shots . | . . . . Overflow Damage . | . . . . Projectiles . | . . . . Explosions . | . . . . Melee . | . . . . Knockbacks . | . . . . Impact . | . . . . Kinetic . | . . . . Secondary . | . . . . Self-Inflicted Damage . | . . . . Shots . | . . . . Rammed . | . . . . Targets Rammed 2 | . . 2 . Kicked 2 | . . 2 . Crushed . | . . . . Highest Temperature 303 | . . 72 303 Average Temperature 125 | . . 45 147 Received Heat Transfer 489 | . . 84 405 Effects 2 | . . . 2 Interference 2 | . . . 2 Siege Activations . | . . . . Martial Activations . | . . . . Shielding Activations . | . . . . Robots Disrupted . | . . . . Combat Hostiles . | . . . . Robots Corrupted . | . . . . Combat Hostiles . | . . . . Parts Fried . | . . . . Impact Corruptions . | . . . . Robots Melted . | . . . . Combat Hostiles . | . . . . Parts Melted 1 | . . 1 . Heat Transferred 586 | 100 75 175 236 Parts Sabotaged . | . . . . Parts Stolen . | . . . . Parts Stripped . | . . . . Power Chain Reactions . | . . . . Alert | -11 -10 -10 -9 ------- Run | Yrd Mat Min Mat Maximum Alert Level . | . . . . Low Security (%) 100 | 100 100 100 100 Level 1 . | . . . . Level 2 . | . . . . Level 3 . | . . . . Level 4 . | . . . . Level 5 . | . . . . High Security . | . . . . Max Security . | . . . . Peak Influence 85 | 15 30 61 85 Initial 11 | . 3 11 5 Average 7 | 1 1 9 11 Influence Increases 227 | 15 35 65 112 Destroy 0b10 Robot/C 120 | . . 40 80 Destroy 0b10 Robot/NC 25 | 15 5 . 5 Destroy Leader 22 | . . 10 12 Lose Combat Pursuer 60 | . 30 15 15 Influence Decreases 227 | 10 10 80 127 Entered New Map 31 | . 2 19 10 Time Decay 126 | 10 8 61 47 Lost Part 70 | . . . 70 Squads Dispatched 3 | . 2 . 1 Investigation 1 | . 1 . . Extermination . | . . . . Reinforcement 2 | . 1 . 1 Assault . | . . . . Garrison . | . . . . Intercept . | . . . . Searches Triggered . | . . . . Construction Impeded . | . . . . Haulers Reinforced . | . . . . Active Scanning Responses . | . . . . Cargo Convoy Interrupts . | . . . . Stealth | -11 -10 -10 -9 --------- Run | Yrd Mat Min Mat Distress Signals . | . . . . Communications Jammed . | . . . . Distress Signals . | . . . . Times Spotted 27 | . 6 4 17 Peak Tracking Total 10 | . 3 2 10 Tactical Retreats 3 | . 1 1 1 Traps | -11 -10 -10 -9 ------- Run | Yrd Mat Min Mat Traps Triggered 3 | . 1 . 2 Indirectly . | . . . . Trap Hack Attempts . | . . . . Triggered . | . . . . Disarmed . | . . . . Reprogrammed . | . . . . Reused . | . . . . Traps Extracted . | . . . . Installed . | . . . . Triggered . | . . . . Machines | -11 -10 -10 -9 ---------- Run | Yrd Mat Min Mat Machines Disabled . | . . . . Max in Single Turn . | . . . . Machines Repaired . | . . . . Machines Dismantled . | . . . . Machines Sabotaged . | . . . . Overloaded Fab Kills . | . . . . Hacking | -11 -10 -10 -9 --------- Run | Yrd Mat Min Mat Machines Accessed . | . . . . Terminals . | . . . . Fabricators . | . . . . Repair Stations . | . . . . Recycling Units . | . . . . Scanalyzers . | . . . . Garrison Access . | . . . . Total Hacks . | . . . . Successful . | . . . . Failed . | . . . . Catastrophic . | . . . . Database Lockouts . | . . . . Manual . | . . . . Terminals . | . . . . Fabricators . | . . . . Repair Stations . | . . . . Recycling Units . | . . . . Scanalyzers . | . . . . Garrison Access . | . . . . Terminal Hacks . | . . . . Fabricator Hacks . | . . . . Repair Station Hacks . | . . . . Recycling Unit Hacks . | . . . . Scanalyzer . | . . . . Garrison Access Hacks . | . . . . Unauthorized Hacks . | . . . . Terminals . | . . . . Fabricators . | . . . . Repair Stations . | . . . . Recycling Units . | . . . . Scanalyzers . | . . . . Garrison Access . | . . . . Data Cores Recovered . | . . . . Used . | . . . . Hacking Detections . | . . . . Full Trace Events . | . . . . Feedback Events . | . . . . Feedback Blocked . | . . . . Robot Schematics Acquired . | . . . . Robots Built . | . . . . Authchips . | . . . . Time . | . . . . Total Robot Build Rating . | . . . . Part Schematics Acquired . | . . . . Parts Built . | . . . . Authchips . | . . . . Time . | . . . . Total Part Build Rating . | . . . . Parts Repaired . | . . . . Time . | . . . . Parts Recycled . | . . . . Recycled Matter . | . . . . Retrieved Matter . | . . . . Retrieved Components . | . . . . Parts Scanalyzed . | . . . . Part Schematics Acquired . | . . . . Parts Damaged . | . . . . Bothacking | -11 -10 -10 -9 ------------ Run | Yrd Mat Min Mat Used RIF Installer . | . . . . Robots Hacked . | . . . . Non-combat . | . . . . Combat . | . . . . Robot Hacks Applied . | . . . . Relay Couplers Released . | . . . . Fabnet Peak Effective % . | . . . . Robots Rewired . | . . . . Allies Hacked . | . . . . Hacks Repelled . | . . . . Allies | -11 -10 -10 -9 -------- Run | Yrd Mat Min Mat Total Allies . | . . . . Largest Group . | . . . . Highest-Rated Group . | . . . . Highest-Rated Ally . | . . . . Total Orders . | . . . . Ally Attacks . | . . . . Total Damage . | . . . . Kills . | . . . . Allies Corrupted . | . . . . Allies Melted . | . . . . Intel | -11 -10 -10 -9 ------- Run | Yrd Mat Min Mat Active Infowar (turns) . | . . . . Robot Analysis Total . | . . . . Derelict Logs Recovered 1 | . . 1 . Drone Launches . | . . . . Drone Recoveries . | . . . . Exploration | -11 -10 -10 -9 ------------- Run | Yrd Mat Min Mat Turns Passed 790 | 117 116 383 174 Spaces Moved 535 | 85 86 288 76 Core 31 | 23 . . 8 Treads . | . . . . Legs 504 | 62 86 288 68 Wheels . | . . . . Hover . | . . . . Flight . | . . . . Fastest Speed 50 | 50 120 120 120 Average Speed 120 | 101 120 120 147 Slowest Speed 200 | 120 120 120 200 Overloaded Moves . | . . . . Propulsion Burnouts . | . . . . Robots Hopped . | . . . . Potential Cave-ins . | . . . . Cave-ins Triggered . | . . . . Exploration Rate (%) 26 | 6 27 58 14 Regions Visited 3 Branch Regions 1 Pre-discovered Areas . | . . . . Known Exits Taken . | . . . . Unknown Exits Taken 3 | 1 1 1 . Scrap Searched . | . . . . Spaces Dug . | . . . . Terrain Destroyed . | . . . . Melee . | . . . . Projectile . | . . . . AOE . | . . . . Terrain Rammed . | . . . . Walls Destroyed . | . . . . Machines Disabled . | . . . . Actions | -11 -10 -10 -9 --------- Run | Yrd Mat Min Mat Total 611 | 104 93 310 104 Wait 6 | . 3 3 . Move 532 | 84 85 287 76 Hop . | . . . . Pick Up 17 | 8 2 4 3 Fast Attach . | . . . . Attach 10 | 6 . . 4 Detach . | . . . . Swap 6 | . . 4 2 Drop 4 | . . 3 1 Fire 34 | 6 3 7 18 Melee . | . . . . Ram . | . . . . Kick 2 | . . 2 . Crush . | . . . . Escape Stasis . | . . . . Rewire . | . . . . Trap . | . . . . Miscellaneous . | . . . . Route ------- -11/Scrapyard -10/Materials -10/Mines (discovered 2 exits: [*Mat x2]) -9/Materials History --------- Turn | Location | Event 4 | -11/Scrapyard | Discovered new exit (range 16) 118 | -11/Scrapyard | Entered Materials 187 | -10/Materials | Discovered new exit (range 15) 234 | -10/Materials | Entered Mines 300 | -10/Mines | Build established: Mutant 328 | -10/Mines | Learned Materials stockpile data 354 | -10/Mines | Discovered new exit (range 5) 569 | -10/Mines | Discovered new exit (range 10) 617 | -10/Mines | Entered Materials 617 | -9/Materials | Evolved 2 slots: Utility x1, Weapon x1 773 | -9/Materials | Core integrity fell below 50% 784 | -9/Materials | Core integrity fell below 20% 791 | -9/Materials | Destroyed by G-34 Mercenary with Small Laser Last Messages --------------- 00757_ Aluminum Leg destroyed. 00758_ R-06 Scavenger collects Imp. Aluminum Leg. 00759_ Acquired Core Shielding. 00760_ Overheating: System interference. 00760_ Imp. Light Cannon temporarily disabled. 00760_ Particle Gun destroyed. 00762_ K-01 Serf collects debris. 00768_ Aluminum Leg destroyed. 00775_ Imp. Light Cannon destroyed. 00776_ R-06 Scavenger inserts Hover Unit into recycling unit. 00779_ K-01 Serf collects debris. 00780_ Sml. Laser destroyed. 00782_ R-06 Scavenger inserts Lgt. Assault Rifle into recycling unit. 00783_ Core Shielding destroyed. 00785_ R-06 Scavenger inserts Lgt. Assault Rifle into recycling unit. Map ----- +----------------------------------------------------+ | ?????????????????????????????????????????????????? | | ?????????????????????????????????????????????????? | | ?????????????????????????????????????????????????? | | ?????????????????????????????????????????????????? | | ?????????????????????????????????????????????????? | | ?????????????????????????????????????????????????? | | ?????????????????????????????????????????????????? | | ?????????????????????????????????????????????????? | | ?????????????????????????????????????????????????? | | ?????????????????????????????????????????????????? | | ???????????????????????##???##???????????????????? | | ?????????????????????? ?? #??????????????????? | | ?????????????????????? ?? #??????????????????? | | ???????????????? ???? a """ #??????????????????? | | ?????????????? ???"" "Y" #?? ???##??????????? | | ?????????????? """ r #?? ? ""???????????? | | ????????????? """ #??"" R???????????? | | ????????????? """ === #??"" ""???????????? | | ???????????? === #??"" #????????????? | | ???????????? === #?? ??????? ?????? | | ???????????? ]= ###u####### ?????? | | ??????????? ]= u w ?????? | | ??????????? ] ???????? | | ?????????? u r ?????????? | | ?????????? #??????????????? | | ?????????? r @ #??????????????? | | ?????????? %g r#??????????????? | | ?????????? s #??????????????? | | ??????????? ######### g% #??????????????? | | ??????????? ????# ??# m###+###########????? | | ???????????????????# ??# g# % #????? | | ???????????????????# ?# g # #????? | | ???????????????????# ?# #% #????? | | ???????????????????# # + #????? | | ???????????????????# # # #????? | | ???????????!???????# / ^ # #????? | | ???????????????????# #^ ^###############????? | | ???????????????????# # #?????????#######??? | | ?????????????????%%/ ?# ########### #??? | | ????????????????# # ?# #??? | | ????????????????#??# ??# " #??? | | ???????????????????# ??# #??? | | ???????????????????####???## ####### #??? | | ???????????????????????????# #?????## ##### | | ???????????????????????????#! !#??????# # | | ???????????????????????????## !!!##??????# # | | ????????????????????????????######???????# + """ | | ]????????????????????????????????????????# # """ | | ?????????????????????????????????????????# # """ | | ?????????????????????????????????????????# # | +----------------------------------------------------+ Best States ------------- Heat Dissipation 28 Energy Generation 14 Energy Capacity 250 Matter Stores 265 Matter Capacity 300 Sight Range 16 Terrain Scan Density 10 Core Shielding 20 Evasion (%) 55 Item Schematics ----------------- None Robot Schematics ------------------ None Fabricated ------------ Nothing Repaired ---------- Nothing Alien Tech Used ----------------- None Achievements -------------- None Challenges ------------ None Game ------ Seed PhasingPitchforkRecalibrator Manual? 0 Play Time 00:10:11 Cumulative 15.6 hours Start 2025.07.28 @ 20:16:26 End 2025.07.28 @ 20:24:36 Sessions 1 Manual Loads 0 Difficulty Rogue Special Mode None Game No. 24 Rogue 24 Adventurer 0 Explorer 0 Win Type - Total 0 Types 0/0/0/0/0/0/0/0/0/0 Lore% 8 Gallery% 20 Achievement% 17 Wizard Run 0 Options --------- Layout 1 ASCII 0 Keyboard 0 Movement Mouse Keybinds 0 Fullscreen 1 Font 32/SmallcapsGlow Map View 50x35 Zoom Use 0% Tactical HUD 1 Map Filters NONE Filters NONE Steam 1 RUN: b6805257-e88b-49aa-bb76-1cf47b7bc710